 Dungeon Crawl Stone Soup version 0.27.1-33-g824d729ab1 (webtiles) character file.

Game seed: 12421771150976417285

58 pkoi the Insei (level 3, 0/31 HPs)
             Began as a Draconian Monk on Dec 17, 2021.
             Slain by Natasha (6 damage)
             ... on level 2 of the Dungeon.
             The game lasted 00:01:46 (1632 turns).

pkoi the Insei (Draconian Monk)                     Turns: 1632, Time: 00:01:46

Health: 0/31       AC:  5    Str: 13    XL:     3   Next: 76%
Magic:  3/3        EV: 12    Int: 11    God:
Gold:   47         SH:  0    Dex: 13    Spells: 2/2 levels left

rFire    . . .     SeeInvis .     - Unarmed
rCold    . . .     Faith    .   (no shield)
rNeg     . . .     Spirit   .   (armour unavailable)
rPois    .         Reflect  .   (helmet restricted)
rElec    .         Harm     .   (no cloak)
rCorr    .         Rampage  .   (no gloves)
Will     .....                  (no boots)
Stlth    ++........             (no amulet)
HPRegen  0.10/turn              (no ring)
MPRegen  0.08/turn              (no ring)

@: no status effects
A: AC +5, unfitting armour, cold-blooded
a: no special abilities


You were on level 2 of the Dungeon.
You visited 1 branch of the dungeon, and saw 2 of its levels.

You collected 47 gold pieces.

Inventory:

Missiles
 d - 2 throwing nets (quivered)
Jewellery
 a - a ring of magical power
Scrolls
 b - 3 scrolls of identify {unknown}
 c - a scroll of immolation {unknown}
 e - a scroll of enchant armour {unknown}
Potions
 f - a potion of resistance {unknown}


   Skills:
 - Level 3.2 Fighting
 - Level 2.6 Dodging
 - Level 1.7 Stealth
 + Level 4.8 Unarmed Combat


You had 2 spell levels left.
You didn't know any spells.
Your spell library contained the following spells:

 Spells                   Type           Power      Damage    Failure   Level
 Foxfire                  Conj/Fire      0%         2x1d4     34%         1
 Conjure Flame            Conj/Fire      0%         6-21      71%         3
 Ignite Poison            Fire/Tmut/Pois 0%         N/A       71%         3
 Inner Flame              Hex/Fire       0%         N/A       71%         3
 Mephitic Cloud           Conj/Pois/Air  0%         N/A       71%         3
 Bolt of Magma            Conj/Fire/Erth 0%         4d4       100%        5


Dungeon Overview and Level Annotations

Branches:
Dungeon (2/15)

Altars:

Annotations:
D:2 1 runed translucent door, Crazy Yiuf, Natasha


Innate Abilities, Weirdness & Mutations

Your plain brown scales are hard. (AC +5)
You cannot fit into any form of body armour.
You are cold-blooded and may be slowed by cold attacks.


Message History

You hit Natasha.
Natasha is heavily wounded.
Natasha stares at you and mumbles some strange words.
The magic dart hits you.
* * * LOW HITPOINT WARNING * * *
You closely miss Natasha.
Natasha is heavily wounded.
Natasha claws you but does no damage.
You closely miss Natasha.
Your tail-slap misses Natasha.
Natasha is heavily wounded.
Natasha casts a spell at you. The magic dart hits you.
* * * LOW HITPOINT WARNING * * *
You hit Natasha but do no damage.
Natasha is heavily wounded.
Natasha barely misses you.
You closely miss Natasha. Your punch misses Natasha.
Natasha is heavily wounded.
Natasha closely misses you.
You hit Natasha.
Natasha is almost dead.
Natasha drinks a potion.
Natasha is healed!
You hit Natasha.
Natasha is heavily wounded.
You hit Natasha.
Natasha is almost dead.
Natasha drinks a potion.
Natasha is healed!
You barely miss Natasha. Natasha claws you.
* * * LOW HITPOINT WARNING * * *
You closely miss Natasha. You tail-slap Natasha.
Natasha is moderately wounded.
Natasha claws you but does no damage.
You closely miss Natasha.
Natasha is moderately wounded.
Natasha claws you.
* * * LOW HITPOINT WARNING * * *
You hit Natasha but do no damage.
Natasha is moderately wounded.
Natasha claws you.
You die...

...####### #$.........#
#..........# #..........#
#..........# #.#
#..........# #.# ##
#####..........# #.# ..
#.........h....#+####.###..
#.........@................
...........)###.......)....
............##...........##
........†...##.....)......#
............##...........)#
............##............#
...###########...########.#
.. #...# #.# # #...# #.#


You could see Natasha.

Vanquished Creatures
  Natasha (D:2)
  A dart slug (D:1)
  A ball python (D:1)
  3 giant cockroaches (D:1)
  8 goblins
  3 hobgoblins
  2 kobolds (D:1)
  2 quokkas (D:2)
  5 bats
  2 frilled lizards
  A rat (D:1)
29 creatures vanquished.

Notes
Turn   | Place    | Note
-------+----------+-------------------------------------------
     0 | D:1      | pkoi the Draconian Monk began the quest for the Orb.
     0 | D:1      | Reached XP level 1. HP: 19/19 MP: 1/1
   195 | D:1      | Reached XP level 2. HP: 22/26 MP: 2/2
   712 | D:1      | Found a faded altar of an unknown god.
   751 | D:1      | Reached skill level 4 in Unarmed Combat
  1150 | D:2      | Found a runed translucent door.
  1151 | D:2      | Noticed Crazy Yiuf
  1424 | D:2      | Reached XP level 3. HP: 30/31 MP: 3/3
  1544 | D:2      | Noticed Natasha
  1561 | D:2      | Killed Natasha
  1613 | D:2      | Noticed Natasha
  1632 | D:2      | Slain by Natasha

Illustrated notes

Levels and vault maps discovered:
D:1:      shiori_arrival_maze, layout_basic, ebering_ecumenical_altar_abandoned
D:2:      layout_basic, basic_altar, uniq_natasha, uniq_crazy_yiuf_cottage

Skill      XL: |  1  2 |
---------------+-------+-----
Unarmed Combat | 4 |  4.8
Fighting       | |  3.2
Dodging        | |  2.6
Stealth        | |  1.7

Action                   || total
-------------------------++-------
Melee: Unarmed           ||    98
       Tailslap          ||    10
       Punch             ||     2
 Stab: Sleeping          ||     5
       Distracted        ||     1
Armor: Skin              ||    31
Dodge: Dodged            ||    47
